Map: Pylon LE

Players

VITmaru (Maru) - Winner!

  • Race: Terran Terran
  • Spawn Location: 5:00

FalconsSolar (Solar)

  • Race: Zerg Zerg
  • Spawn Location: 11:00

VOD

Have the link to the VOD?

Description

Time

  • Played on: May 25, 2025, 5:38 p.m.
  • Length: 10:22
Show
View Real Time Build Order
Export as new Build Order

VITmaru Terran - Winner!

Build Orders: Command Center First 

Get SALT Encoding   

  12  0:00  SCV  
  13  0:12  SCV  
  14  0:16  Supply Depot  
  14  0:24  SCV  
  15  0:38  SCV  
  16  0:50  SCV  
  17  0:58  Command Center  
  17  1:02  SCV  
  18  1:07  Refinery  
  18  1:14  SCV  
  19  1:20  Barracks  
  19  1:26  SCV  
  20  1:38  SCV  
  21  1:50  SCV  
  22  2:06  Orbital Command  
  22  2:07  Marine  
  22  2:08  Factory, Refinery  
  23  2:09  Orbital Command  
  23  2:26  Barracks Reactor  
  23  2:32  SCV  
  23  2:35  SCV  
  25  2:42  Command Center  
  25  2:44  SCV  
  25  2:47  SCV  
  27  2:56  SCV  
  27  2:57  Starport  
  28  3:00  SCV  
  29  3:06  Hellion x2  
  29  3:11  Supply Depot, SCV  
  34  3:13  Barracks Tech Lab  
  34  3:16  SCV  
  35  3:23  SCV  
  36  3:29  Engineering Bay  
  36  3:30  Engineering Bay  
  36  3:35  SCV  
  37  3:42  Banshee  
  37  3:44  Hellion x2  
  37  3:46  SCV  
  37  3:47  SCV  
  46  3:51  Barracks Tech Lab  
  46  3:54  Orbital Command  
  46  3:58  SCV  
  46  3:59  SCV  
  48  4:08  Terran Infantry Weapons Level 1, Terran Infantry Armor Level 1  
  48  4:10  SCV  
  48  4:11  SCV  
  48  4:13  Marine  
  51  4:18  Supply Depot  
  51  4:21  SCV  
  51  4:22  SCV  
  51  4:23  SCV  
  54  4:25  Barracks  
  54  4:30  Factory Reactor  
  54  4:31  Barracks  
  54  4:33  SCV  
  54  4:34  SCV, Marine  
  54  4:35  Stimpack  
  54  4:36  SCV  
  58  4:42  Refinery, Supply Depot  
  58  4:44  Starport Reactor  
  58  4:46  SCV  
  58  4:47  Orbital Command  
  58  4:48  SCV  
  58  4:52  Marine  
  61  4:58  SCV  
  62  5:00  SCV  
  62  5:02  Orbital Command, Barracks  
  62  5:03  Barracks  
  63  5:08  Hellion  
  63  5:09  Hellion  
  63  5:10  SCV, Marine  
  68  5:14  Marine  
  68  5:16  Marine  
  64  5:28  Supply Depot  
  64  5:30  Marine  
  64  5:31  Armory  
  64  5:33  Medivac  
  68  5:35  Medivac  
  69  5:50  SCV, Marine x5  
  69  5:52  Supply Depot  
  75  5:58  SCV  
  75  6:01  Refinery  
  75  6:02  Refinery, Marine  
  77  6:09  Supply Depot  
  77  6:12  Supply Depot  
  77  6:13  Siege Tank, Marine x2  
  77  6:14  Supply Depot  
  77  6:16  SCV x3  
  85  6:20  Terran Infantry Weapons Level 2  
  85  6:29  Supply Depot  
  85  6:30  SCV x3, Marine x2  
  90  6:33  Marine x4  
  90  6:37  Terran Infantry Armor Level 2  
  94  6:43  SCV x2  
  94  6:50  Marine x3  
  94  6:52  Marine x2  
  96  6:58  SCV  
  96  7:02  Barracks Tech Lab x2  
  96  7:03  SCV x2  
  96  7:08  Medivac, Marine x2  
  98  7:09  Medivac  
  98  7:10  Supply Depot, SCV  
  98  7:11  Siege Tank  
  98  7:15  SCV  
  107  7:16  SCV  
  107  7:17  Supply Depot, Marine  
  107  7:18  Marine  
  107  7:22  SCV  
  111  7:27  Combat Shield, SCV  
  112  7:30  Barracks x2  
  112  7:34  Barracks  
  112  7:35  Supply Depot  
  112  7:40  Marauder x3  
  112  7:41  Concussive Shells  
  112  7:42  Marine x2  
  112  7:43  Marine x2  
  122  7:44  SCV  
  122  7:50  Medivac x2  
  127  7:56  Supply Depot  
  127  7:59  Supply Depot  
  127  8:00  Marine x2  
  127  8:01  Marauder  
  127  8:02  Refinery  
  127  8:04  Siege Tank  
  134  8:07  Supply Depot, Marine  
  134  8:08  Marine  
  134  8:12  Marine  
  137  8:14  Supply Depot  
  137  8:17  Supply Depot  
  137  8:18  Supply Depot  
  137  8:23  Marauder x2, Marine x5  
  137  8:25  Marine x2  
  146  8:28  Medivac  
  146  8:30  Marauder  
  150  8:41  Marine x2  
  149  8:44  Marine x5  
  149  8:45  Marauder  
  149  8:48  Marauder  
  160  8:52  Supply Depot, Marauder  
  162  8:59  Marine x2  
  162  9:02  Marine x2  
  166  9:07  Marine x4  
  166  9:09  Marine  
  170  9:12  Marine  
  170  9:16  Siege Tank, Marine  
  174  9:17  Marine  
  174  9:19  Marine  
  174  9:20  Marine  
  178  9:25  Medivac  
  178  9:30  Marine x4  
  183  9:35  Marauder, Marine x2  
  183  9:36  Marauder  
  183  9:37  Marine  
  170  9:43  Marine  
  155  9:48  Marine  
  155  9:49  Marine x2  
  155  9:50  Marauder  
  155  9:53  Marine x2  
  155  9:57  Marauder  
Show
View Real Time Build Order
Export as new Build Order

FalconsSolar Zerg 

Build Orders: Hatch First 

Get SALT Encoding   

  12  0:00  Drone  
  13  0:07  Drone  
  14  0:14  Drone, Extractor  
  14  0:21  Overlord  
  15  0:41  Drone  
  16  0:45  Hatchery  
  16  0:49  Drone  
  16  0:51  Drone  
  16  0:55  Drone  
  18  1:05  Extractor  
  17  1:11  Spawning Pool  
  17  1:14  Drone  
  17  1:17  Drone  
  18  1:26  Drone  
  19  1:37  Drone  
  20  1:47  Drone  
  21  1:57  Queen x2  
  21  1:59  Zergling x4  
  27  2:08  Drone  
  28  2:09  Metabolic Boost  
  28  2:11  Overlord  
  28  2:26  Hatchery  
  28  2:28  Drone  
  28  2:31  Drone  
  28  2:34  Drone  
  28  2:35  Drone  
  31  2:40  Overlord  
  31  2:49  Queen  
  33  2:52  Drone  
  33  2:53  Drone  
  33  2:57  Drone  
  35  3:06  Drone  
  35  3:07  Drone x2  
  35  3:08  Drone x3  
  35  3:12  Overlord  
  41  3:14  Drone  
  41  3:17  Drone  
  43  3:22  Roach Warren  
  43  3:24  Extractor  
  43  3:26  Drone  
  42  3:28  Drone  
  42  3:31  Drone  
  44  3:38  Overlord  
  44  3:39  Queen  
  47  3:41  Zergling x4  
  47  3:47  Drone, Overlord  
  49  3:53  Overlord  
  49  4:03  Roach x5  
  49  4:05  Roach  
  49  4:08  Roach  
  63  4:12  Roach  
  63  4:16  Zergling x8  
  69  4:18  Zergling x2  
  69  4:19  Zergling x2  
  69  4:22  Overlord  
  71  4:28  Zergling x6  
  71  4:31  Zergling x4  
  75  4:33  Spore Crawler  
  75  4:36  Zergling x4  
  76  4:43  Spore Crawler  
  76  4:44  Zergling x4  
  77  4:48  Zergling x8  
  86  5:03  Lair  
  86  5:05  Drone x2  
  89  5:07  Drone  
  89  5:13  Drone x4  
  89  5:17  Overlord  
  89  5:19  Drone  
  88  5:21  Drone  
  87  5:29  Drone, Evolution Chamber x2  
  87  5:31  Drone  
  87  5:32  Drone  
  86  5:38  Drone x5  
  86  5:41  Overlord  
  86  5:42  Drone x2  
  91  5:45  Drone  
  91  5:46  Drone x2  
  91  5:47  Drone  
  91  5:49  Drone  
  96  5:56  Drone x2  
  98  5:59  Queen, Baneling Nest  
  98  6:03  Drone x2  
  101  6:04  Extractor  
  101  6:06  Zerg Ground Armor Level 1  
  101  6:08  Drone, Zerg Melee Weapons Level 1  
  101  6:10  Drone  
  102  6:13  Drone  
  102  6:15  Hatchery  
  102  6:16  Ravager x3  
  102  6:18  Overlord  
  104  6:19  Drone  
  104  6:21  Extractor  
  104  6:22  Overlord  
  104  6:24  Overlord  
  104  6:25  Overlord  
  104  6:28  Drone  
  104  6:29  Drone  
  104  6:31  Overlord  
  106  6:33  Overlord  
  106  6:38  Roach x4  
  114  6:41  Zergling x2  
  114  6:42  Zergling x10  
  118  6:48  Infestation Pit  
  118  6:49  Zergling x4  
  118  6:50  Zergling x2  
  118  6:53  Hatchery  
  116  6:55  Zergling x8  
  116  6:59  Centrifugal Hooks  
  116  7:01  Drone  
  118  7:05  Drone, Glial Reconstitution  
  118  7:06  Drone  
  118  7:07  Roach x3  
  126  7:08  Overlord  
  126  7:09  Drone  
  126  7:11  Drone  
  126  7:13  Drone x2  
  130  7:18  Zergling x6  
  130  7:19  Overlord  
  133  7:23  Drone  
  133  7:28  Hive  
  134  7:31  Baneling x5  
  134  7:33  Zergling x10  
  134  7:34  Extractor  
  138  7:37  Drone x3  
  138  7:38  Drone  
  138  7:43  Drone x3, Overlord  
  144  7:45  Zergling x2  
  144  7:50  Zergling x2  
  146  7:52  Zergling x2  
  146  7:55  Zergling x2  
  148  7:59  Overlord  
  148  8:03  Zergling x8  
  148  8:05  Queen  
  154  8:06  Zergling x4  
  155  8:14  Baneling  
  155  8:15  Zergling x8  
  155  8:18  Zergling x6  
  160  8:21  Zergling x4  
  160  8:23  Hatchery  
  160  8:28  Overlord  
  160  8:29  Overlord x2  
  160  8:31  Zergling x8  
  160  8:34  Hatchery  
  160  8:37  Zergling x12  
  160  8:40  Viper x2  
  171  8:42  Zergling x4  
  173  8:49  Adrenal Glands  
  173  8:50  Zergling x10  
  173  8:52  Baneling  
  173  8:54  Extractor  
  174  8:56  Zergling x4  
  174  8:58  Baneling x4  
  174  9:00  Drone x2  
  175  9:04  Zergling x10  
  175  9:08  Overseer  
  174  9:11  Zergling x4  
  174  9:16  Baneling x7  
  174  9:17  Zergling x14  
  174  9:21  Baneling x3  
  174  9:22  Zergling x4  
  183  9:28  Zergling x4  
  183  9:33  Zergling x4  
  183  9:35  Baneling x9  
  183  9:37  Zergling x2  
  170  9:41  Zergling x8  
  170  9:45  Zergling x6  
  168  9:47  Baneling x6  
  168  9:49  Zergling x2  
  162  9:53  Zergling x2  
  162  9:54  Zergling x2  
  162  9:58  Zergling x2  
  150  10:02  Zergling x4  
  150  10:04  Baneling Nest  
Tags
 
Add a new tag
Caveats
  • Supply blocks, unpowered buildings, or Contaminate may cause inaccurate times.
  • Supply counts are checked every 10 seconds.